 Dungeon Crawl Stone Soup version 0.30-a0-568-g124715a40b (webtiles) character file.

Game seed: 16792658508869258460

128 sokol815 the Cutter (level 5, 0/32 HPs)
             Began as a Kobold Delver on Dec 28, 2022.
             Slain by an orc wizard
             ... wielding a +0 dagger
              (3 damage)
             ... on level 5 of the Dungeon.
             The game lasted 00:01:59 (308 turns).

sokol815 the Cutter (Kobold Delver)                  Turns: 308, Time: 00:02:00

Health: 0/32       AC:  3    Str: 10    XL:     5   Next: 34%
Magic:  5/5        EV: 14    Int: 11    God:
Gold:   15         SH:  0    Dex: 18    Spells: 4/4 levels left

rFire   . . .      SeeInvis .    a - +0 short sword
rCold   . . .      Faith    .    (no shield)
rNeg    . . .      Spirit   .    b - +0 leather armour
rPois   .          Reflect  .    (no helmet)
rElec   .          Harm     .    (no cloak)
rCorr   .          Rampage  .    (no gloves)
Will    .....                    (no boots)
Stlth   ++++                     (no amulet)
HPRegen 0.25/turn                (no ring)
MPRegen 0.09/turn                (no ring)

@: no status effects
A: small, no large weapons, nightstalker 3
a: no special abilities


You were on level 5 of the Dungeon.
You visited 2 branches of the dungeon, and saw 2 of its levels.

You collected 15 gold pieces.

Inventory:

Hand Weapons
 a - a +0 short sword (weapon)
Missiles
 s - 4 stones
Armour
 b - a +0 leather armour (worn)
Wands
 d - a wand of digging (3)
Scrolls
 c - a scroll of fog
 E - a scroll of fear
 X - a scroll of magic mapping {@r4!r}
Potions
 H - a potion of haste


   Skills:
 - Level 3.2 Fighting
 + Level 6.8 Short Blades
 - Level 2.4 Dodging
 - Level 6.6 Stealth


You had 4 spell levels left.
You didn't know any spells.
Your spell library was empty.

Dungeon Overview and Level Annotations

Branches:
Dungeon (5/15) Zot: 5785   Temple (1/1) D:5 Zot: 5935

Altars:
Cheibriados
Elyvilon
Fedhas
Gozag
Kikubaaqudgha
Nemelex Xobeh
Qazlal
Ru
Wu Jian
Xom
Yredelemnul

Annotations:
Temple 2 transporters


Innate Abilities, Weirdness & Mutations

You are small and have problems with some larger weapons.
You are completely attuned to the shadows.


Message History

You hit the orc priest.
The orc priest calls down the wrath of Beogh upon you.
Beogh smites you!
Ouch! That really hurt!
* * * LOW HITPOINT WARNING * * *
The orc misses you.
You take 15 damage, and have 8/28 hp.
MASSIVE DAMAGE!!
You hit the orc priest.
You kill the orc priest!
The orc misses you.
You have reached level 5!
You feel stronger.
You regained 2 hp, and now have 10/32 hp.
MP restored: 5 You hit the orc but do no damage.
You hit the orc. The orc hits you but does no damage.
You hit the orc.
You kill the orc!
You start resting.
An orc comes into view. It is wielding a +0 whip.
You regained 10 hp, and now have 20/32 hp.
An orc wizard comes into view. It is wielding a +0 dagger.
The orc wizard shouts!
You hear a shout! x2
An orc wizard comes into view. It is wielding a +0 dagger.
Items here: )) [[ †.
You barely miss the orc.
The orc shouts!
The orc attacks as you move away! The orc hits you but does no damage.
You hit the orc but do no damage. The orc barely misses you.
The orc attacks as you move away! The orc hits you with a +0 whip.
You take 2 damage, and have 20/32 hp.
The orc attacks as you move away! The orc barely misses you.
You hit the orc. The orc barely misses you.
You hit the orc.
You kill the orc!
You see here a +0 club.
You closely miss the orc wizard. You hit the orc wizard.
An orc priest comes into view. It is wielding a +0 trident.
The orc wizard misses you.
The orc wizard attacks as you move away!
The orc wizard barely misses you.
The orc wizard casts a spell.
The orc wizard flickers and vanishes!
Deactivating autopickup; reactivate with Ctrl-A.
You see here a +0 club.
You hit the orc wizard but do no damage.
You hit the orc wizard but do no damage.
The orc wizard hits you with a +0 dagger.
You take 1 damage, and have 21/32 hp.
You hit the orc wizard but do no damage.
The orc wizard misses you.
You hit the orc wizard. You barely miss the orc wizard.
The orc wizard hits you but does no damage.
You closely miss the orc wizard. The orc wizard casts a spell at you.
The magic dart hits something.
A magic dart appears from out of thin air!
The magic dart hits you!
You take 7 damage, and have 15/32 hp.
MASSIVE DAMAGE!!
A puff of flame appears from out of thin air!
The puff of flame misses you. Something hits you.
You hit something.
Unknown command.
Something hits you.
The orc wizard gestures at you while chanting.
You take 2 damage, and have 14/32 hp.
Something hits you.
The orc wizard points at you and mumbles some strange words.
The magic dart hits something!
Reactivating autopickup.
You feel a bit more experienced.
You take 3 damage, and have 11/32 hp.
The orc wizard mumbles some strange words.
The orc wizard flickers and vanishes!
Deactivating autopickup; reactivate with Ctrl-A.
You hit something. Something hits you.
You take 1 damage, and have 11/32 hp.
You barely miss something.
You hear some strange, mumbled words.
Something tries to affect you, but you resist.
You hit something. You hit something. Something hits you.
You take 2 damage, and have 10/32 hp.
You hit something but do no damage. Something hits you but does no damage.
You hit something but do no damage. You barely miss something.
You hear some strange, mumbled words.
A magic dart appears from out of thin air!
The magic dart hits you!
* * * LOW HITPOINT WARNING * * *
You take 8 damage, and have 2/32 hp.
MASSIVE DAMAGE!!
You hit something but do no damage. You hit something. Something hits you.
You die...

.####.#........)o#
....#.#o#..#.#.#.#
.....o..#..#.#o#)#
.#.##...#..#.#.#.#
...##....o..o#.#.#
#####.#......#.#.#
#.#.#....))#)#
#.#.###....#{#
..#.......)#@#
#######....#.#
........>#.#
########.#<#
......### #######


There were no monsters in sight!

Vanquished Creatures
  An ogre (D:5)
  An orc priest (D:5)
  A worm (Temple)
  4 orcs (D:5)
7 creatures vanquished.

Vanquished Creatures (others)
  An orc wizard (D:5)
1 creature vanquished.

Grand Total: 8 creatures vanquished

Notes
Turn   | Place    | Note
-------+----------+-------------------------------------------
     0 | D:5      | sokol815 the Kobold Delver began the quest for the Orb.
     0 | D:5      | Reached XP level 1. HP: 14/14 MP: 1/1
    23 | D:5      | Found a basalt altar of Yredelemnul.
    24 | D:5      | Noticed an orc priest
    46 | D:5      | Found a staircase to the Ecumenical Temple.
    52 | Temple   | Entered the Ecumenical Temple
    55 | Temple   | Found a transporter.
    55 | Temple   | Found a transporter.
    57 | Temple   | Found a transporter.
    57 | Temple   | Found a transporter.
   105 | Temple   | Reached skill level 3 in Short Blades
   130 | D:5      | Noticed an ogre
   137 | D:5      | Killed an ogre
   138 | D:5      | Reached skill level 6 in Short Blades
   138 | D:5      | Reached XP level 2. HP: 19/19 MP: 2/2
   138 | D:5      | Reached XP level 3. HP: 23/23 MP: 3/3
   138 | D:5      | Reached XP level 4. HP: 28/28 MP: 4/4
   221 | D:5      | Reached XP level 5. HP: 10/32 MP: 5/5
   306 | D:5      | HP: 2/32 [something/magic dart (8)]
   308 | D:5      | Slain by an orc wizard

Illustrated notes

Levels and vault maps discovered:
D:5:      layout_basic, mainiacjoe_overflow_tiny_flanked,
          minmay_temple_entry_glass, serial_bayou_pond_b
Temple:   hellmonk_temple_divided_pantheon

Skill      XL: |  1 |
---------------+----+-----
Short Blades   | 6 |  6.8
Fighting       | |  3.2
Dodging        | |  2.4
Stealth        | |  6.6

Action                   |  1- 3 |  4- 6 || total
-------------------------+-------+-------++-------
Melee: Short sword       |    15 |    39 ||    54
  Use: Potion            |     1 |       ||     1
 Stab: Sleeping          |     1 |       ||     1
Armor: Leather armour    |       |     6 ||     6
Dodge: Dodged            |     9 |    12 ||    21

Table legend: (Time is in decaauts)
 A = Elapsed time spent in this place.
 B = Non-inter-level travel time spent in this place.
 C = Inter-level travel time spent in this place.
 D = Time resting spent in this place.
 E = Time spent auto-exploring this place.
 F = Levels seen in this place.
 G = Mean time per level.
                   A        B        C        D        E       F      G
               +--------+--------+--------+--------+--------+-----+--------+
         Total |    278 |    271 |      7 |     54 |     59 |   2 |  139.0 |
       Dungeon |    213 |    213 |      0 |     38 |     59 |   1 |  213.0 |
        Temple |     64 |     57 |      7 |     16 |      0 |   1 |   64.0 |
               +--------+--------+--------+--------+--------+-----+--------+

Top non-repeatable levels by time:
     D:5: 213 daAuts
  Temple: 64 daAuts

Table legend:
 A = Kills in this place as a percentage of kills in entire the game.
 B = Kills by you in this place as a percentage of kills by you in the entire game.
 C = Kills by friends in this place as a percentage of kills by friends in the entire game.
 D = Other kills in this place as a percentage of other kills in the entire game.
 E = Experience gained in this place as a percentage of experience gained in the entire game.
 F = Experience gained in this place divided by the number of levels of this place that you have seen.
                   A       B       C       D       E      F
               +-------+-------+-------+-------+-------+----------------------
         Total | 100.0 | 100.0 |   N/A | 100.0 | 100.0 |  92.0
       Dungeon |  87.5 |  85.7 |   N/A | 100.0 |  97.3 | 179.0
        Temple |  12.5 |  14.3 |   N/A |   0.0 |   2.7 |   5.0
               +-------+-------+-------+-------+-------+----------------------
